 Dungeon Crawl Stone Soup version 0.28-a0-616-gdeb3d7f7b4 (webtiles) character file.

Game seed: 15546699005177360765

9026 KristoblXynda the Carver (level 11, -3/99 HPs)
             Began as a Green Draconian Gladiator on Oct 6, 2021.
             Was an Initiate of Gozag.
             Slain by a two-headed ogre (28 damage)
             ... on level 10 of the Dungeon.
             The game lasted 00:17:05 (12283 turns).

KristoblXynda the Carver (DrGl)                    Turns: 12283, Time: 00:17:05

Health: -3/99      AC: 12    Str: 17    XL:     11   Next: 17%
Magic:  15/15      EV: 15    Int: 11    God:    Gozag
Gold:   2322       SH:  5    Dex: 13    Spells: 12/16 levels left

rFire   . . .      SeeInvis .   x - +1 scimitar
rCold   . . .      Faith    .   I - +0 buckler
rNeg    . . .      Spirit   .   (armour unavailable)
rPois   +          Reflect  .   b - +0 hat
rElec   .          Harm     .   h - +0 cloak
rCorr   .          Rampage  .   B - +1 pair of gloves
Will    +....                   q - +1 pair of boots
Stlth   +.........              f - amulet of the acrobat
HPRegen 0.26/turn               o - ring of willpower
MPRegen 0.14/turn               (no ring)

@: short of breath, gold aura, studying Long Blades
A: breathe noxious fumes, AC +7, unfitting armour, poison resistance,
cold-blooded
a: Breathe Noxious Fumes, Renounce Religion, Potion Petition, Call Merchant,
Bribe Branch


You were on level 10 of the Dungeon.
You worshipped Gozag.
Gozag was most pleased with you.
You visited 1 branch of the dungeon, and saw 10 of its levels.
You also visited: Ossuary.

You collected 2832 gold pieces.
You spent 456 gold pieces at shops.
You paid 54 gold pieces to Gozag.

Inventory:

Hand Weapons
 x - a +1 scimitar (weapon)
Missiles
 c - 3 throwing nets (quivered)
Armour
 b - a +0 hat (worn)
 h - a +0 cloak (worn)
 q - a +1 pair of boots (worn)
 B - a +1 pair of gloves (worn)
 I - a +0 buckler (worn)
Jewellery
 f - an amulet of the acrobat (around neck)
 o - a ring of willpower (left hand)
 s - a ring of flight
Wands
 w - a wand of paralysis (6)
 J - a wand of iceblast (9)
Scrolls
 e - 4 scrolls of immolation
 g - 2 scrolls of enchant armour
 j - 2 scrolls of fear
 u - 3 scrolls of amnesia
 v - 10 scrolls of teleportation
 y - a scroll of enchant weapon
 F - 2 scrolls of magic mapping
 G - a scroll of fog
 H - a scroll of blinking
 K - a scroll of identify
Potions
 a - a potion of resistance {unknown}
 d - a potion of degeneration {unknown}
 i - a potion of lignification
 k - a potion of cancellation {unknown}
 l - 6 potions of heal wounds
 m - 3 potions of might
 n - 2 potions of ambrosia
 p - a potion of haste {unknown}
 r - 4 potions of curing
 t - 3 potions of brilliance
 z - a potion of magic {unknown}
 A - a potion of berserk rage {unknown}
 C - a potion of invisibility {unknown}
 D - 3 potions of flight
 E - a potion of attraction {unknown}


   Skills:
 + Level 10.1 Fighting
 + Level 12.9 Long Blades
 - Level 2.0 Throwing
 + Level 8.7 Dodging
 + Level 3.9 Shields
 - Level 3.1 Spellcasting


You had 12 spell levels left.
You knew the following spells:

 Your Spells              Type           Power      Damage    Failure   Level
a - Dispel Undead         Necr           1%         3d6       95%         4

Your spell library contained the following spells:

 Spells                   Type           Power      Damage    Failure   Level
 Magic Dart               Conj           4%         1d3       26%         1
 Shock                    Conj/Air       4%         1d3       26%         1
 Searing Ray              Conj           2%         2d4       36%         2
 Static Discharge         Conj/Air       1%         N/A       36%         2
 Swiftness                Air            1%         N/A       61%         3
 Airstrike                Air            0%         N/A       95%         4
 Fulminant Prism          Conj/Hex       0%         3d6       95%         4
 Sticky Flame             Conj/Fire      1%         2d3       95%         4
 Fireball                 Conj/Fire      0%         3d3       100%        5
 Starburst                Conj/Fire      0%         6d3       100%        6
 Ignition                 Fire           0%         3d3       100%        8


Dungeon Overview and Level Annotations

Branches:
Dungeon (10/15)            Temple (0/1) D:5         Ossuary (visited)
   Lair: D:8-11         Orc: D:9-12

Altars:
Gozag
Xom

Shops:
D:1 [


Innate Abilities, Weirdness & Mutations

You can breathe blasts of noxious fumes.
Your lurid green scales are hard. (AC +7)
You cannot fit into any form of body armour.
Your system is resistant to poisons. (rPois)
You are cold-blooded and may be slowed by cold attacks.


Message History

No target in view!
You're standing in a cloud of steam!
You're standing in a cloud of steam!
Unknown command.
You see here 15 gold pieces.
You now have 2322 gold pieces (gained 15).
You need at least 3000 gold to offer a bribe.
You slash the two-headed ogre!
The two-headed ogre is moderately wounded.
The two-headed ogre hits you with a +0 giant club!
The two-headed ogre completely misses you.
You slash the two-headed ogre!
You tail-slap the two-headed ogre, but do no damage.
The two-headed ogre is moderately wounded.
The two-headed ogre hits you but does no damage.
The two-headed ogre barely misses you.
You closely miss the two-headed ogre.
You tail-slap the two-headed ogre, but do no damage.
The two-headed ogre is moderately wounded.
You barely miss the two-headed ogre.
You tail-slap the two-headed ogre, but do no damage.
The two-headed ogre is moderately wounded.
You block the two-headed ogre's attack. x2
You hit the two-headed ogre but do no damage.
The two-headed ogre is moderately wounded.
You slash the two-headed ogre!
The two-headed ogre is severely wounded.
The two-headed ogre hits you with a +0 giant club!!
The two-headed ogre hits you with a +0 giant club!
* * * LOW HITPOINT WARNING * * *
Unknown command.
Press: ? - help, Shift-Dir - straight line, f - two-headed ogre
Aim: a two-headed ogre, wielding two +0 giant clubs (severely wounded)
You exhale a blast of noxious fumes.
The blast of choking fumes hits the two-headed ogre.
The two-headed ogre is severely wounded.
The two-headed ogre is engulfed in noxious fumes.
The two-headed ogre hits you with a +0 giant club!!
You die...
Your body crumbles into a pile of gold.

#.# ####'#########.# #.########
#...#...........##.#
#.#......###...#...........##.#
#.#......##....#...........##.#
#.#......##....#...........##.# #
#.#......##....#...........##.# #
#.#......##....#...........##.#
###.#......##....#...........##(#
....'...........@O○○☼☼○......##.#
.##.#......##....##..........##.#
.##.#......##.......)........##..
..#.#......##.#####.######### ###
..#.#......##.# #.#
....###....##.# #.# ....#
#....##.#####)#
....###....#.....##.#
..#>.............##.######### ###


You could see a two-headed ogre.

Vanquished Creatures
  Snorg (D:10)
  A two-headed ogre (D:10)
  An ugly thing (D:8)
  A gargoyle (D:5)
  Psyche (D:8)
  A shadow (D:10)
  A wraith (D:9)
  10 yaks
  A wyvern (D:9)
  3 steam dragons
  4 water moccasins
  3 orc warriors
  5 ice beasts
  A sky beast (D:5)
  2 black bears
  4 necrophages
  5 ogres
  3 centaurs
  A phantom (D:7)
  2 kobold brigands
  Blork the orc (D:5)
  3 bullfrogs (D:8)
  2 scorpions
  A wyvern skeleton (D:6)
  11 killer bees (D:9)
  2 howler monkeys
  A centaur zombie (D:3)
  2 hounds (D:5)
  2 bullfrog zombies
  4 orc priests
  A bullfrog skeleton (D:6)
  2 centaur skeletons
  Terence (D:3)
  Jessica (D:3)
  An iguana (D:6)
  2 orc wizards
  A howler monkey zombie (D:9)
  13 mummies (Ossuary)
  Robin (D:3)
  4 gnolls
  A howler monkey skeleton (D:4)
  4 adders
  An ufetubus (D:7)
  3 adder skeletons (D:4)
  A worm (D:3)
  3 dart slugs
  43 orcs
  5 bats
  6 endoplasms
  3 giant cockroaches
  9 goblins
  10 hobgoblins
  4 jackals
  4 quokkas
  8 ball pythons
  2 frilled lizards
  A gnoll skeleton (Ossuary)
  2 goblin skeletons (Ossuary)
  17 kobolds
  2 kobold skeletons (Ossuary)
  3 orc skeletons (Ossuary)
  6 rats
  11 rat skeletons (Ossuary)
256 creatures vanquished.

Vanquished Creatures (collateral kills)
  A killer bee (D:9)
1 creature vanquished.

Vanquished Creatures (others)
  A killer bee (D:9)
  A white imp (D:8)
  31 plants (D:3)
33 creatures vanquished.

Grand Total: 290 creatures vanquished

Notes
Turn   | Place    | Note
-------+----------+-------------------------------------------
     0 | D:1      | KristoblXynda the Draconian Gladiator began the quest for
                  | the Orb.
     0 | D:1      | Reached XP level 1. HP: 17/17 MP: 1/1
   217 | D:1      | Reached XP level 2. HP: 25/25 MP: 2/2
   226 | D:1      | Found a faded altar of an unknown god.
   461 | D:1      | Found Jialiesu's Armour Emporium.
   981 | D:1      | Reached XP level 3. HP: 30/30 MP: 3/3
  1395 | D:2      | Found a shimmering altar of Xom.
  1580 | D:2      | Found Duxid's Magic Scroll Shoppe.
  1583 | D:2      | Bought a scroll of identify for 26 gold pieces
  1712 | D:2      | Reached skill level 4 in Long Blades
  1712 | D:2      | Reached XP level 4. HP: 28/38 MP: 4/4
  2092 | D:3      | Found an opulent altar of Gozag.
  2107 | D:3      | Noticed Robin
  2126 | D:3      | Became a worshipper of Gozag Ym Sagoz the Greedy
  2150 | D:3      | Killed Robin
  2394 | D:3      | HP: 1/38 [something/magic dart (4)]
  2402 | D:3      | Reached XP level 5. HP: 21/45 MP: 5/5
  2600 | D:3      | Noticed Terence
  2614 | D:3      | Killed Terence
  2968 | D:3      | Noticed Jessica
  3009 | D:3      | Killed Jessica
  3224 | D:3      | Reached skill level 5 in Long Blades
  3461 | D:4      | Noticed a necrophage
  3483 | D:4      | Killed a necrophage
  3484 | D:4      | Reached XP level 6. HP: 41/52 MP: 6/6
  4118 | D:4      | Reached skill level 6 in Long Blades
  4118 | D:4      | Your scales start taking on a lurid green colour.
  4118 | D:4      | Reached XP level 7. HP: 33/60 MP: 7/7
  4118 | D:4      | Gained mutation: Your system is resistant to poisons.
                  | (rPois) [Green Draconian growth]
  4599 | D:5      | Entered Level 5 of the Dungeon
  4599 | D:5      | Noticed Blork the orc
  4617 | D:5      | Killed Blork the orc
  4723 | D:5      | Found a staircase to the Ecumenical Temple.
  4775 | D:5      | Noticed a gargoyle
  4836 | D:5      | Reached skill level 5 in Fighting
  4948 | D:5      | Killed a gargoyle
  4949 | D:5      | Reached skill level 7 in Long Blades
  4949 | D:5      | Reached skill level 5 in Dodging
  4949 | D:5      | Reached XP level 8. HP: 34/70 MP: 8/8
  4949 | D:5      | You fall into a shaft and drop 2 floors!
  5218 | D:7      | Reached skill level 8 in Long Blades
  6503 | D:6      | Found a sand-covered staircase.
  6507 | Ossuary  | Entered an ossuary
  6556 | Ossuary  | Reached XP level 9. HP: 73/78 MP: 9/9
  6888 | Ossuary  | Reached skill level 9 in Long Blades
  6949 | Ossuary  | Identified a scroll of acquirement
  6949 | Ossuary  | Acquired a manual of Long Blades
  6958 | Ossuary  | Learned a level 4 spell: Dispel Undead
  7659 | D:6      | Reached skill level 10 in Long Blades
  8719 | D:5      | Reached skill level 1 in Spellcasting
  9256 | D:2      | Bought a scroll of magic mapping for 45 gold pieces
  9256 | D:2      | Bought 2 scrolls of enchant armour for 195 gold pieces
  9256 | D:2      | Bought a scroll of fog for 26 gold pieces
  9256 | D:2      | Bought a scroll of immolation for 45 gold pieces
  9256 | D:2      | Bought a scroll of identify for 26 gold pieces
  9256 | D:2      | Bought a scroll of teleportation for 39 gold pieces
  9316 | D:1      | Bought a +0 buckler for 54 gold pieces
  9482 | D:8      | Noticed Psyche
  9514 | D:8      | Killed Psyche
  9515 | D:8      | Reached XP level 10. HP: 74/90 MP: 11/13
  9628 | D:8      | Reached skill level 11 in Long Blades
 10352 | D:8      | Noticed a brown ugly thing
 10375 | D:8      | Killed a brown ugly thing
 10890 | D:9      | Reached skill level 1 in Shields
 10933 | D:9      | Reached skill level 12 in Long Blades
 11642 | D:10     | Entered Level 10 of the Dungeon
 11802 | D:10     | Noticed Snorg
 11804 | D:10     | Noticed a two-headed ogre
 11832 | D:10     | Killed a two-headed ogre
 11834 | D:10     | Killed Snorg
 11835 | D:10     | Reached XP level 11. HP: 60/99 MP: 15/15
 11846 | D:10     | Reached skill level 10 in Fighting
 12231 | D:10     | Acquired 700 gold pieces
 12268 | D:10     | Noticed a two-headed ogre
 12283 | D:10     | Slain by a two-headed ogre

Illustrated notes

Levels and vault maps discovered:
D:1:      ebering_trefoil_3fold, layout_loops_corners, serial_glass,
          glass_columns_a, glass_columns_a, glass_columns_a, glass_columns_a,
          glass_columns_c, glass_columns_a, glass_columns_a, glass_columns_a,
          serial_shops, nicolae_shop_stone,
          hellmonk_ecumenical_altar_crossroads, minmay_statues_item,
          minmay_octomino_e4
D:2:      layout_loops_ring, serial_shops, nicolae_shop_trees, basic_altar,
          corexii_hall_statues_u
D:3:      layout_loops_ring, grunt_gozag_statues, amethyst_killhole,
          serial_bayou_lagoon_b, uniq_jessica, uniq_robin, uniq_terence
D:4:      layout_rooms
D:5:      layout_rooms, minmay_temple_entry_purple_smoke, uniq_blork_the_orc
D:6:      layout_basic, lightli_ossuary_entry_decrepit_ruins, nrook_campfire,
          nicolae_water_bricks
D:7:      layout_loops_cross
D:8:      layout_cave_pools, uniq_psyche
D:9:      layout_rooms, grunt_decor_fettered
D:10:     layout_basic, uniq_snorg

Skill      XL: |  1  2  3  4  5  6  7  8  9 10 11 |
---------------+----------------------------------+-----
Throwing       | 2 |  2.0
Dodging        | 3 4 5 6 7 8 |  8.7
Fighting       | 3 4 5 6 8 9 10 | 10.1
Long Blades    | 4 5 6 7 8 10 12 | 12.9
Spellcasting   | 2 3 |  3.1
Shields        | 3 |  3.9

Action                   |  1- 3 |  4- 6 |  7- 9 | 10-12 || total
-------------------------+-------+-------+-------+-------++-------
Melee: Long sword        |   107 |   205 |    41 |       ||   353
       Tailslap          |     7 |    19 |    64 |    29 ||   119
       Scimitar          |       |       |   362 |   224 ||   586
 Abil: Breathe Noxious F |       |       |     9 |     9 ||    18
Evoke: Wand              |       |       |     2 |     1 ||     3
  Use: Scroll            |     1 |     2 |     8 |     8 ||    19
       Potion            |       |     3 |     1 |     1 ||     5
 Stab: Sleeping          |     1 |     1 |     3 |       ||     5
       Paralysed         |       |       |     2 |       ||     2
       Confused          |       |       |     1 |     6 ||     7
       Distracted        |       |       |       |     1 ||     1
Armor: Skin              |    37 |    87 |   100 |    59 ||   283
Dodge: Dodged            |    79 |   156 |   252 |   195 ||   682
Block: Buckler           |       |       |       |     9 ||     9

Table legend: (Time is in decaauts)
 A = Elapsed time spent in this place.
 B = Non-inter-level travel time spent in this place.
 C = Inter-level travel time spent in this place.
 D = Time resting spent in this place.
 E = Time spent auto-exploring this place.
 F = Levels seen in this place.
 G = Mean time per level.
                   A        B        C        D        E       F      G
               +--------+--------+--------+--------+--------+-----+--------+
         Total |  12308 |  11796 |    512 |   2437 |   7222 |  11 | 1118.9 |
       Dungeon |  11853 |  11341 |    512 |   2437 |   6910 |  10 | 1185.3 |
       Ossuary |    454 |    454 |      0 |      0 |    312 |   1 |  454.0 |
               +--------+--------+--------+--------+--------+-----+--------+

Top non-repeatable levels by time:
     D:6: 1792 daAuts
     D:7: 1525 daAuts
     D:3: 1511 daAuts
     D:8: 1377 daAuts
     D:4: 1219 daAuts
     D:1: 1184 daAuts
     D:2: 997 daAuts
     D:5: 816 daAuts
     D:9: 802 daAuts
    D:10: 625 daAuts
 Ossuary: 454 daAuts
